 Dungeon Crawl Stone Soup version 0.19.4 (webtiles) character file.

56 Kiturien the Skirmisher (level 3, -2/33 HPs)
             Began as a Hill Orc Fighter on Feb 1, 2017.
             Killed by divine providence
             ... invoked by an orc priest
              (13 damage)
             ... on level 3 of the Dungeon.
             The game lasted 00:02:01 (1544 turns).

Kiturien the Skirmisher (Hill Orc Fighter)          Turns: 1544, Time: 00:02:01

Health: -2/33      AC:  6    Str: 19    XL:     3   Next: 95%
Magic:  3/3        EV:  7    Int:  8    God:
Gold:   114        SH:  9    Dex: 10    Spells: 0 memorised, 2 levels left

rFire  . . .     SeeInvis .     a - +0 war axe
rCold  . . .     Gourm    .     b - +0 scale mail
rNeg   . . .     Faith    .     c - +0 shield
rPois  .         Spirit   .     (no helmet)
rElec  .         Reflect  .     (no cloak)
rCorr  .         Harm     .     (no gloves)
MR     .....                    (no boots)
Stlth  ..........               (no amulet)
                                (no ring)
                                (no ring)

@: lethally poisoned (-2 -> -3)
A: no striking features
a: Convert to Beogh


You were on level 3 of the Dungeon.
You were hungry.

You visited 1 branch of the dungeon, and saw 3 of its levels.

You collected 114 gold pieces.

Inventory:

Hand Weapons
 a - a +0 war axe (weapon)
Armour
 b - a +0 scale mail (worn)
 c - a +0 shield (worn)
Scrolls
 e - a scroll of recharging {unknown}
 g - a scroll of amnesia {unknown}
 k - a scroll of fear {unknown}
 l - 3 scrolls of identify {unknown}
 m - 2 scrolls of remove curse {unknown}
 p - a scroll of enchant weapon {unknown}
 q - a scroll of blinking {unknown}
Potions
 d - 2 potions of might
 i - 2 potions of heal wounds {unknown}
 n - 2 potions of haste {unknown}
 o - a potion of agility {unknown}
 r - a potion of lignification {unknown}
Comestibles
 f - 2 bread rations
 h - 5 fruits
 j - 2 meat rations


   Skills:
 + Level 4.1 Fighting
 + Level 3.9 Axes
 + Level 3.5 Armour
 + Level 0.2 Dodging
 + Level 3.9 Shields


You had 2 spell levels left.
You didn't know any spells.

Dungeon Overview and Level Annotations

Branches:
Dungeon (3/15)

Altars:
Hepliaklqana
Nemelex Xobeh
Trog
Yredelemnul

Annotations:
D:3 Terence


Message History

You slash the orc!
You kill the orc!
You hit the orc. The adder barely misses you.
The adder bites you but does no damage. Terence looks scornfully at you.
You block the orc's attack.
You feel sick. The adder bites you but does no damage.
You closely miss the adder.
The adder is lightly wounded.
You block the adder's attack. Terence closely misses you.
You block the adder's attack.
The orc priest begins to cast a cantrip, but forgets the words!
You hit the adder but do no damage.
The adder is lightly wounded.
You feel sick. Terence barely misses you. You block the adder's attack.
Terence hits you but does no damage. The adder barely misses you.
The orc priest invokes the aid of Beogh against you.
Beogh smites you!
You die...

#.#.###...(..............
#.#.###########.#........
#.............#.##.......
.##.#########.#.##.......
. ... #######.#..........
... ...................
## #######.###########
#######.#####o..#
..........@.So..####.
#######.#####@....... #†#
#...)..#... #.#
#.#........ #.#
#.#.#...... #.# #
#.#...... #.# #.#......
#.# #.# ..... #.# #..
.....


You could see Terence, an orc priest, an adder and an orc.

Vanquished Creatures
  An ooze (D:2)
  2 worms (D:2)
  2 orcs (D:3)
  A giant cockroach (D:2)
  5 goblins
  2 hobgoblins
  4 jackals (D:1)
  A quokka (D:3)
  6 bats
  5 frilled lizards
  8 kobolds
  5 rats
42 creatures vanquished.

Vanquished Creatures (others)
  A kobold (D:3)
  A rat (D:3)
2 creatures vanquished.

Grand Total: 44 creatures vanquished

Notes
Turn   | Place    | Note
-------+----------+-------------------------------------------
     0 | D:1      | Kiturien the Hill Orc Fighter began the quest for the Orb.
     0 | D:1      | Reached XP level 1. HP: 19/19 MP: 1/1
   112 | D:1      | Reached XP level 2. HP: 27/27 MP: 2/2
   538 | D:1      | Reached XP level 3. HP: 23/33 MP: 3/3
   695 | D:2      | Found a basalt altar of Yredelemnul.
   698 | D:2      | Found a bloodstained altar of Trog.
   708 | D:2      | Found a sparkling altar of Nemelex Xobeh.
   712 | D:2      | Found a hazy altar of Hepliaklqana.
  1065 | D:2      | Reached skill level 4 in Fighting
  1536 | D:3      | Noticed Terence
  1544 | D:3      | Killed from afar by an orc priest

Skill      XL: |  1  2  3 |
---------------+----------+-----
Axes           | 3 |  3.9
Fighting       | 4 |  4.1
Armour         | |  3.5
Dodging        | |  0.2
Shields        | |  3.9

Action                   || total
-------------------------++-------
Melee: War axe           ||   138
  Eat: Pizza             ||     1
Armor: Scale mail        ||    65
Dodge: Dodged            ||    56
Block: Shield            ||    95
